 Dungeon Crawl Stone Soup version 0.29-a0-375-g5102b3be25 (webtiles) character file.

Game seed: 17112597095286501926

25 spaghetti the Fighter (level 3, -4/38 HPs)
             Began as a Gnoll Wanderer on May 3, 2022.
             Slain by a black bear (8 damage)
             ... on level 2 of the Dungeon.
             The game lasted 00:02:41 (1188 turns).

spaghetti the Fighter (Gnoll Wanderer)              Turns: 1188, Time: 00:02:42

Health: -4/38      AC:  2    Str: 10    XL:     3   Next: 4%
Magic:  1/6        EV: 19    Int: 13    God:
Gold:   79         SH:  0    Dex: 17    Spells: 3/7 levels left

rFire   . . .      SeeInvis .     - Unarmed
rCold   . . .      Faith    .   (shield currently unavailable)
rNeg    . . .      Spirit   .   (body armour currently unavailable)
rPois   x          Reflect  .   (helmet currently unavailable)
rElec   .          Harm     .   (cloak currently unavailable)
rCorr   .          Rampage  .   (gloves currently unavailable)
Will    .....                   (boots currently unavailable)
Stlth   ++........              (no amulet)
HPRegen 0.12/turn               (no ring)
MPRegen 0.10/turn               (no ring)

@: spider-form (expiring), very slightly contaminated, invisible
A: venomous fangs, tiny, (fangs 1), strong nose, distributed training, (talons
1), low MP 1
a: End Transformation


You were on level 2 of the Dungeon.
You were a venomous arachnid creature.
You visited 1 branch of the dungeon, and saw 2 of its levels.

You collected 79 gold pieces.


Innate Abilities, Weirdness & Mutations

You are a venomous arachnid creature.
You have poisonous fangs.
You are tiny and dextrous.
Your spellcasting is less reliable in this form.
Your armour is entirely melded.
You are incapable of wielding weapons or throwing items.
((You have very sharp teeth.))
Your uncanny sense of smell can sniff out nearby items.
Your experience applies equally to all skills.
((You have sharp toenails.))
Your magical capacity is low. (-10% MP)


   Skills:
 + Level 8.5 Fighting
 + Level 0.5 Short Blades
 + Level 0.5 Long Blades
 + Level 0.5 Axes
 + Level 0.5 Maces & Flails
 + Level 0.5 Polearms
 + Level 0.5 Staves
 + Level 0.5 Slings
 + Level 0.5 Bows
 + Level 0.5 Crossbows
 + Level 0.5 Throwing
 + Level 2.5 Armour
 + Level 2.5 Dodging
 + Level 0.5 Stealth
 + Level 0.5 Shields
 + Level 2.5 Unarmed Combat
 + Level 2.7 Spellcasting
 + Level 0.4 Conjurations
 + Level 0.4 Hexes
 + Level 0.4 Summonings
 + Level 0.4 Necromancy
 + Level 0.4 Translocations
 + Level 3.7 Transmutations
 + Level 0.4 Fire Magic
 + Level 0.4 Ice Magic
 + Level 0.4 Air Magic
 + Level 0.4 Earth Magic
 + Level 0.4 Poison Magic
 + Level 0.7 Invocations
 + Level 0.5 Evocations


You had 3 spell levels left.
You knew the following spells:

 Your Spells              Type           Power      Damage    Failure   Level
a - Sting                 Tmut/Pois      28%        1d4       24%         1
b - Spider Form           Tmut/Pois      7%         N/A       52%         3

Your spell library contained the following spells:

 Spells                   Type           Power      Damage    Failure   Level
 Petrify                  Tmut/Erth      7%         N/A       86%         4

Inventory:

Hand Weapons
 a - a +0 dagger (melded) {short}
Missiles
 e - 10 poisoned darts {throwing}
Armour
 c - a +0 robe (melded)
 h - a +2 pair of gloves (melded)
   (You found it on level 1 of the Dungeon)
Magical Staves
 i - a staff of air {!astaff}
   (You found it on level 1 of the Dungeon)
Scrolls
 f - a scroll of blinking {unknown}
 k - 2 scrolls of identify {unknown}
Potions
 b - 2 potions of brilliance
 d - 2 potions of attraction {!q}

Dungeon Overview and Level Annotations

Branches:
Dungeon (2/15)

Altars:

.≈≈..##>........
...#.##..........# ....
...#..#..........# ....
≈≈≈≈≈≈≈..........# .....
..≈.≈............# .....
.≈...............#......
.....#...........#......
....##...........h......
...###..........s.......
...# #..................
#### #..................
#............######
##.##..#+###.# .....###
.# #.#.## ## ...## ..


You could see a black bear (can't see you, very poisoned).


Message History

You now have 69 gold pieces (gained 11).
A black bear comes into view.
You see here 10 gold pieces. 😎 MP[+2]
Your mp is fully restored (7).
A black bear is nearby!
A black bear is nearby!
A black bear is nearby!
You now have 79 gold pieces (gained 10).
The black bear growls angrily.
You hit the black bear. The black bear barely misses you.
The black bear claws you.
The black bear barely misses you. 😕 HP[-2]
You take 2 damage, and now have 36/38 hp.
You are too injured to fight recklessly!
You are too injured to fight recklessly!
You are too injured to fight recklessly!
You are too injured to fight recklessly!
You are too injured to fight recklessly!
You are too injured to fight recklessly!
You are too injured to fight recklessly!
You are too injured to fight recklessly!
You are too injured to fight recklessly!
You are too injured to fight recklessly!
You are too injured to fight recklessly!
You are too injured to fight recklessly!
You are too injured to fight recklessly!
You are too injured to fight recklessly!
You are too injured to fight recklessly!
You are too injured to fight recklessly!
Casting: Sting (safe; 10% risk of failure)
Confirm with . or Enter, or press ? or * to list all spells.
The spell is quite dangerous to miscast (30% risk of failure)!
Continue anyway?
You miscast Spider Form.
You are very lightly contaminated with residual magic.
Nothing appears to happen.
The black bear bites you. The black bear claws you.
The black bear claws you but does no damage. 😕 HP[-6] MP[-3]
You take 6 damage, and now have 30/38 hp.
You lost 3 mp, and now have 4/7 mp.
Unknown command.
Unknown command.
Casting: Spider Form (quite dangerous; 30% risk of failure)
Confirm with . or Enter, or press ? or * to list all spells.
The spell is quite dangerous to miscast (30% risk of failure)!
Continue anyway?
You turn into a venomous arachnid creature.
Your +0 dagger {short} melds into your body.
Your +2 pair of gloves melds into your body.
Your +0 robe melds into your body.
The black bear bites you but does no damage.
The black bear completely misses you.
The black bear claws you. 😕 HP[-1] MP[-3]
You take 1 damage, and now have 29/38 hp.
You lost 3 mp, and now have 1/7 mp.
Unknown command.
Unknown command.
You hit the black bear but do no damage.
The black bear is poisoned.
The black bear barely misses you. The black bear claws you. x2 😮 HP[-6]
You take 6 damage, and now have 23/38 hp.
You hit the black bear.
The black bear looks as sick as possible!
The black bear bites you.
* * * LOW HITPOINT WARNING * * *
The black bear barely misses you.
The black bear claws you but does no damage. 😨 HP[-5]
You take 5 damage, and now have 18/38 hp.
You completely miss the black bear.
The black bear bites you but does no damage.
The black bear claws you.
* * * LOW HITPOINT WARNING * * *
The black bear barely misses you. 😨 HP[-3]
You take 3 damage, and now have 15/38 hp.
You bite the black bear! The black bear bites you!
* * * LOW HITPOINT WARNING * * *
The black bear closely misses you. The black bear claws you.
* * * LOW HITPOINT WARNING * * *
😱 HP[-11]
You take 11 damage, and now have 4/38 hp.
MASSIVE DAMAGE!! (PAUSE) It was a potion of curing.
You feel better.
Your transformation is almost over.
The black bear bites you!
* * * LOW HITPOINT WARNING * * *
The black bear barely misses you. x2 😱 HP[-1]
You take 1 damage, and now have 3/38 hp.
It was a potion of mutation.
You feel extremely strange.
You feel less energetic.
Your toenails lengthen and sharpen.
The black bear closely misses you. The black bear completely misses you.
The black bear misses you. 😱 HP[+1] Unknown command.
It was a potion of invisibility.
You fade into invisibility!
The black bear bites you!
You die...

Action                   || total
-------------------------++-------
Melee: Dagger            ||    32
       Bite              ||     2
       Punch             ||     1
       Unarmed           ||     4
 Cast: Sting             ||    25
       Spider Form       ||     1
  Use: Potion            ||     3
Armor: Robe              ||    12
       Skin              ||     3
Dodge: Dodged            ||    40

Levels and vault maps discovered:
D:1:      nicolae_arrival_memento_mori, layout_basic, st_stairs_4
D:2:      layout_basic, hellmonk_ecumenical_altar_zigzags, serial_rivers,
          chequers_serial_rivers_room_b, chequers_serial_rivers_micro_c,
          chequers_serial_rivers_large_a, chequers_serial_rivers_small_a,
          chequers_serial_rivers_room_a, chequers_serial_rivers_micro_e,
          serial_shops, nicolae_shop_overgrown_old_shop, minmay_misc_feat_alley,
          uniq_terence

Notes
Turn   | Place    | Note
-------+----------+-------------------------------------------
     0 | D:1      | spaghetti the Gnoll Wanderer began the quest for the Orb.
     0 | D:1      | spaghetti set off with the following items: a +0 dagger
                  | {short}, a potion of brilliance, a +0 robe, 2 potions of
                  | attraction {!q}; and the following spell memorised: Sting;
                  | and the following spells available to memorise: Spider
                  | Form, Petrify
     0 | D:1      | Reached XP level 1. HP: 26/26 MP: 4/4
     0 | D:1      | magus.rc [v1.9.6]
   485 | D:1      | Reached XP level 2. HP: 33/33 MP: 0/5
  1029 | D:1      | Reached XP level 3. HP: 38/38 MP: 5/7
  1033 | D:1      | Learned a level 3 spell: Spider Form
  1174 | D:2      | Noticed a black bear
  1185 | D:2      | HP: 8/38 [black bear (7)]
  1186 | D:2      | HP: 3/38 [black bear (8)]
  1187 | D:2      | Gained mutation: Your magical capacity is low. (-10% MP)
                  | [potion of mutation]
  1187 | D:2      | Gained mutation: You have sharp toenails. [potion of
                  | mutation]
  1188 | D:2      | Slain by a black bear

Vanquished Creatures
  5 endoplasms
  A giant cockroach (D:1)
  3 hobgoblins (D:1)
  4 jackals (D:1)
  2 ball pythons (D:1)
  2 bats (D:1)
  2 goblins (D:1)
  A kobold (D:1)
  A rat (D:1)
21 creatures vanquished.

Table legend:
 A = Non-vault XP
 B = Vault XP
 C = Vault XP percentage of total XP
 D = Non-vault monster count
 E = Vault monster count
 F = Vault count percentage of total count
                 A         B        C        D         E       F
            +---------+---------+-------+---------+---------+-------
      Total |      34 |       2 |   5.6 |      20 |       1 |   4.8
            +---------+---------+-------+---------+---------+-------
        D:1 |      32 |       2 |   5.9 |      19 |       1 |   5.0
        D:2 |       2 |       0 |   0.0 |       1 |       0 |   0.0
            +---------+---------+-------+---------+---------+-------

Illustrated notes

Table legend:
 A = Kills in this place as a percentage of kills in entire the game.
 B = Kills by you in this place as a percentage of kills by you in the entire game.
 C = Kills by friends in this place as a percentage of kills by friends in the entire game.
 D = Other kills in this place as a percentage of other kills in the entire game.
 E = Experience gained in this place as a percentage of experience gained in the entire game.
 F = Experience gained in this place divided by the number of levels of this place that you have seen.
                   A       B       C       D       E      F
               +-------+-------+-------+-------+-------+----------------------
         Total | 100.0 | 100.0 |   N/A |   N/A | 100.0 |  18.0
       Dungeon | 100.0 | 100.0 |   N/A |   N/A | 100.0 |  18.0
               +-------+-------+-------+-------+-------+----------------------

Table legend: (Time is in decaauts)
 A = Elapsed time spent in this place.
 B = Non-inter-level travel time spent in this place.
 C = Inter-level travel time spent in this place.
 D = Time resting spent in this place.
 E = Time spent auto-exploring this place.
 F = Levels seen in this place.
 G = Mean time per level.
                   A        B        C        D        E       F      G
               +--------+--------+--------+--------+--------+-----+--------+
         Total |   1187 |   1145 |     42 |    123 |    854 |   2 |  593.5 |
       Dungeon |   1187 |   1145 |     42 |    123 |    854 |   2 |  593.5 |
               +--------+--------+--------+--------+--------+-----+--------+

Top non-repeatable levels by time:
     D:1: 1089 daAuts
     D:2: 98 daAuts
